 Dungeon Crawl Stone Soup version 0.23-a0-305-g7ffd15e (webtiles) character file.

0 Amnesiac the Magician (level 1, -2/13 HPs)
             Began as a Mummy Ice Elementalist on Oct 9, 2018.
             Slain by an adder (4 damage)
             ... on level 2 of the Dungeon.
             The game lasted 00:01:34 (43 turns).

Amnesiac the Magician (Mummy Ice Elementalist)        Turns: 43, Time: 00:01:34

Health: -2/13      AC:  2    Str: 11    XL:     1   Next: 8%
Magic:  0/4        EV: 12    Int: 14    God:
Gold:   12         SH:  0    Dex: 12    Spells: 4/5 levels left

rFire    x . .     SeeInvis .   (no weapon)
rCold    + . .     Gourm    .   (no shield)
rNeg     + + +     Faith    .   a - +0 robe
rPois    ∞         Spirit   .   (no helmet)
rElec    .         Reflect  .   (no cloak)
rCorr    .         Harm     .   (no gloves)
MR       .....                  (no boots)
Stlth    ++........             (no amulet)
HPRegen  0.04/turn              (no ring)
MPRegen  0.09/turn              (no ring)

@: very slightly contaminated
A: no food or potions, fire vulnerability, cold resistance 1, negative energy
resistance 3, torment resistance, unbreathing
a: no special abilities


You were on level 2 of the Dungeon.
You were not hungry.

You visited 1 branch of the dungeon, and saw 2 of its levels.

You collected 12 gold pieces.

Inventory:

Armour
 a - a +0 robe (worn)


   Skills:
 - Level 1.5 Dodging
 - Level 1.5 Stealth
 - Level 2.6 Spellcasting
   Level 0.7 Conjurations
 + Level 2.4 Ice Magic


You had 4 spell levels left.
You knew the following spells:

 Your Spells              Type           Power        Failure   Level  Hunger
a - Freeze                Ice            #...         9%          1    N/A

Your spell library contained the following spells:

 Spells                   Type           Power        Failure   Level  Hunger
 Throw Frost              Conj/Ice       #.....       17%         2    N/A
 Ozocubu's Armour         Chrm/Ice       #.......     38%         3    N/A
 Throw Icicle             Conj/Ice       #.......     75%         4    N/A
 Summon Ice Beast         Ice/Summ       #.......     80%         4    N/A

Dungeon Overview and Level Annotations

Branches:
Dungeon (2/15)

Altars:


Innate Abilities, Weirdness & Mutations

You do not eat or drink.
Your flesh is vulnerable to fire.
You are immune to poison.
Your flesh is cold resistant. (rC+)
You are immune to negative energy. (rN+++)
You are immune to unholy pain and torment.
You can survive without breathing.


Message History

Aim: an adder (almost dead, slow)
You miscast Freeze.
You are very lightly contaminated with residual magic.
Nothing appears to happen.
The bat hits you but does no damage. x2
The adder misses you.
Casting: Freeze (safe; 9% risk of failure)
Confirm with . or Enter, or press ? or * to list all spells.
Aiming: Freeze (safe; 9% risk of failure)
Press: ? - help, Shift-Dir - straight line, f/p - adder
Aim: an adder (almost dead, slow)
You freeze the adder.
The adder is almost dead.
The bat hits you. The adder bites you.
You closely miss the adder.
The adder is almost dead.
The bat hits you but does no damage. The adder bites you.
* * * LOW HITPOINT WARNING * * *
You barely miss the adder.
The adder is almost dead.
The bat hits you but does no damage. The adder bites you.
* * * LOW HITPOINT WARNING * * *
The bat hits you.
* * * LOW HITPOINT WARNING * * *
The bat barely misses you. The bat hits you but does no damage.
The bat closely misses you.
You closely miss the bat.
The adder is no longer moving slowly.
The bat hits you but does no damage. The bat barely misses you.
You barely miss the bat. The bat barely misses you.
The bat hits you but does no damage.
You hit the bat but do no damage. The bat barely misses you.
The bat completely misses you.
You barely miss the bat. The bat hits you but does no damage.
The bat misses you.
You hit the bat.
The bat is moderately wounded.
The bat misses you.
You miss the bat.
The bat is moderately wounded.
The bat hits you but does no damage. The bat closely misses you.
You closely miss the bat.
The bat is moderately wounded.
The bat misses you. The bat closely misses you.
You miss the bat.
The bat is moderately wounded.
The bat hits you but does no damage. The bat misses you.
You closely miss the bat.
The bat is moderately wounded.
The bat closely misses you.
You hit the bat.
You kill the bat!
The adder closely misses you.
Casting: Freeze (safe; 9% risk of failure)
Confirm with . or Enter, or press ? or * to list all spells.
Aiming: Freeze (safe; 9% risk of failure)
Press: ? - help, Shift-Dir - straight line, f/p - adder
Aim: an adder (severely wounded)
You freeze the adder.
The adder is almost dead.
The adder completely misses you.
You closely miss the adder.
The adder is almost dead.
The adder bites you.
You die...

..#...#.#...#..
................
.#........#.####
..........#.#
#.......>.#.#
......#.#.#
.###.##.#.# #.
#.#S# # #.#@#
#.#.# ..#.#
....# #.# ..#
... .#.


You could see an adder.

Vanquished Creatures
  A bat (D:2)
1 creature vanquished.

Notes
Turn   | Place    | Note
-------+----------+-------------------------------------------
     0 | D:1      | Amnesiac the Mummy Ice Elementalist began the quest for the
                  | Orb.
     0 | D:1      | Reached XP level 1. HP: 13/13 MP: 4/4
    43 | D:2      | Slain by an adder

Vault maps used:
D:1:      minmay_arrival_jagged, minmay_crystal_room
D:2:      minmay_splitting_lines, uniq_robin

Action                   || total
-------------------------++-------
Melee: Unarmed           ||    13
 Cast: Freeze            ||     4
Armor: Robe              ||    13
Dodge: Dodged            ||    17

Table legend:
 A = Non-vault XP
 B = Vault XP
 C = Vault XP percentage of total XP
 D = Non-vault monster count
 E = Vault monster count
 F = Vault count percentage of total count
                 A         B        C        D         E       F
            +---------+---------+-------+---------+---------+-------
      Total |       1 |       0 |   0.0 |       1 |       0 |   0.0
            +---------+---------+-------+---------+---------+-------
        D:2 |       1 |       0 |   0.0 |       1 |       0 |   0.0
            +---------+---------+-------+---------+---------+-------
